Map: Triton LE

Players

pHARM - Winner!

  • Race: Zerg Zerg
  • League: Platinum
  • Spawn Location: 5:00

madumlao

  • Race: Zerg Zerg
  • League: Platinum
  • Spawn Location: 11:00

VOD

Have the link to the VOD?

Description

Time

  • Played on: Aug. 25, 2019, 8:58 a.m.
  • Length: 11:45
Show
View Real Time Build Order
Export as new Build Order

pHARM Zerg - Winner!

Build Orders: Hatch First 

Get SALT Encoding   

  12  0:04  Drone  
  13  0:19  Overlord, Drone  
  14  0:44  Drone x3  
  17  1:01  Hatchery  
  17  1:03  Drone  
  17  1:09  Drone  
  18  1:24  Drone, Spawning Pool  
  18  1:34  Drone  
  19  1:40  Drone  
  20  1:47  Extractor  
  20  1:50  Drone  
  20  2:12  Queen  
  20  2:15  Drone x3, Queen  
  25  2:21  Overlord  
  27  2:36  Drone  
  28  2:44  Drone  
  28  2:45  Drone x2  
  28  2:47  Metabolic Boost  
  28  2:50  Queen  
  28  2:51  Queen  
  33  2:56  Drone  
  36  2:59  Overlord x2  
  36  3:22  Drone x5  
  36  3:23  Drone x2  
  43  3:27  Lair  
  43  3:47  Evolution Chamber  
  42  3:49  Drone x5, Roach Warren  
  42  3:51  Evolution Chamber  
  45  4:00  Overlord  
  45  4:01  Overlord  
  45  4:11  Extractor  
  45  4:12  Extractor  
  43  4:27  Zerg Missile Weapons Level 1  
  43  4:42  Drone x3  
  43  4:43  Drone x4  
  43  4:45  Roach x5  
  60  5:11  Glial Reconstitution  
  60  5:12  Hatchery  
  60  5:13  Overlord x2  
  59  5:19  Roach  
  59  5:20  Roach x3  
  67  5:22  Overlord x2  
  67  5:41  Roach x6  
  79  5:57  Drone  
  79  6:00  Hydralisk Den  
  79  6:02  Roach x4  
  87  6:23  Zerg Missile Weapons Level 2  
  87  6:29  Zerg Ground Armor Level 1  
  87  6:31  Drone x9  
  82  7:29  Drone x7  
  90  7:30  Drone x3  
  90  7:33  Grooved Spines  
  88  7:47  Extractor  
  87  7:52  Infestation Pit  
  87  7:56  Extractor  
  87  7:57  Extractor  
  84  8:05  Hydralisk x3  
  84  8:06  Hydralisk x6  
  100  8:25  Drone x3  
  100  8:26  Drone x2  
  105  8:44  Muscular Augments  
  105  8:57  Overlord x4  
  105  9:00  Hive  
  105  9:07  Spire  
  104  9:13  Zerg Ground Armor Level 2  
  104  9:41  Roach x17  
  104  9:42  Overlord  
  104  9:43  Overlord x6  
  138  9:52  Hatchery  
  137  10:03  Hydralisk  
  137  10:04  Hydralisk x9  
  157  10:19  Hydralisk  
  157  10:20  Hydralisk x5  
  169  10:21  Overlord x2  
  169  10:32  Hydralisk x7  
  183  10:47  Overlord  
  183  10:48  Hydralisk  
  183  10:49  Hydralisk x4  
  193  11:14  Drone x2  
  193  11:15  Drone x5  
Show
View Real Time Build Order
Export as new Build Order

madumlao Zerg 

Build Orders: Hatch First 

Get SALT Encoding   

  12  0:02  Drone  
  13  0:13  Overlord  
  13  0:18  Drone  
  14  0:24  Extractor  
  14  0:25  Drone  
  15  0:32  Drone  
  16  0:36  Drone  
  17  0:55  Hatchery  
  16  0:58  Drone  
  17  1:12  Spawning Pool  
  17  1:13  Drone  
  17  1:15  Extractor  
  17  1:18  Drone  
  17  1:22  Drone  
  18  1:29  Drone  
  19  1:40  Drone  
  20  1:50  Overlord  
  20  2:01  Queen  
  20  2:05  Overlord  
  22  2:08  Queen  
  22  2:10  Zergling x2  
  22  2:13  Drone  
  26  2:19  Zergling x2  
  27  2:25  Zergling x2  
  27  2:29  Drone  
  29  2:36  Drone  
  30  2:42  Drone  
  31  2:46  Metabolic Boost  
  31  2:48  Pneumatized Carapace  
  31  2:55  Drone x3  
  34  3:04  Overlord  
  34  3:07  Overlord  
  34  3:11  Zergling x4  
  37  3:12  Drone  
  37  3:13  Drone  
  38  3:21  Drone  
  38  3:26  Queen  
  42  3:27  Drone x3  
  44  3:36  Baneling Nest  
  43  3:43  Drone  
  43  3:48  Lair  
  44  3:51  Hatchery  
  43  4:01  Queen  
  43  4:02  Drone x5  
  50  4:12  Extractor  
  50  4:15  Overlord x2  
  49  4:26  Overlord  
  49  4:28  Overlord  
  49  4:29  Overlord  
  49  4:32  Baneling x4  
  49  4:33  Zergling x4  
  49  4:34  Zergling x4  
  53  4:42  Roach Warren  
  52  4:49  Drone x3  
  55  5:05  Zergling x6, Roach Warren, Extractor  
  55  5:06  Zergling x4  
  58  5:18  Drone x7  
  58  5:19  Drone  
  66  5:26  Drone x3  
  69  5:30  Glial Reconstitution  
  69  5:32  Hydralisk Den  
  68  5:38  Drone x3  
  68  5:39  Extractor  
  70  5:45  Roach  
  72  5:54  Spore Crawler  
  71  5:57  Spore Crawler  
  71  6:00  Drone x4, Spore Crawler  
  71  6:03  Drone  
  74  6:13  Hatchery, Muscular Augments  
  74  6:15  Drone x3  
  74  6:16  Drone x3  
  79  6:22  Roach x2  
  79  6:23  Roach x2  
  79  6:24  Zergling x2  
  88  6:34  Overseer  
  88  6:38  Overseer  
  88  6:42  Overseer  
  88  6:48  Roach  
  80  6:54  Roach x3  
  80  6:55  Zergling x4, Roach  
  80  6:56  Zergling x2  
  80  7:00  Zergling x2  
  89  7:05  Overlord x6  
  89  7:06  Overlord  
  85  7:14  Zergling x6  
  80  7:21  Zergling x4  
  74  7:28  Roach x3  
  69  7:37  Roach x3  
  62  7:51  Roach x6  
  72  7:54  Baneling x2  
  74  8:04  Grooved Spines  
  74  8:10  Evolution Chamber x2  
  74  8:12  Roach x7  
  86  8:13  Roach x2  
  90  8:33  Hatchery  
  89  8:39  Overseer  
  89  8:46  Queen x3  
  89  8:47  Zerg Missile Weapons Level 1  
  89  8:48  Zerg Ground Armor Level 1  
  95  8:49  Drone x4  
  95  8:54  Drone x2  
  101  8:55  Drone  
  102  9:16  Hydralisk  
  104  9:18  Zergling x2  
  104  9:21  Centrifical Hooks  
  105  9:30  Hydralisk x2  
  109  9:39  Ravager x2  
  109  9:40  Ravager x2  
  109  9:41  Ravager  
  109  9:42  Ravager  
  109  9:43  Hydralisk x5  
  125  9:47  Zergling x4  
  125  9:51  Drone x2  
  125  9:52  Drone  
  130  10:19  Infestation Pit  
  129  10:21  Lurker Den  
  129  10:22  Hatchery  
  129  10:27  Drone x2  
  129  10:28  Drone x7  
  134  10:29  Drone x2  
  134  10:34  Spore Crawler  
  137  10:39  Extractor  
  136  10:52  Drone  
  136  10:53  Drone x2  
  136  10:54  Drone x2, Extractor  
  136  10:56  Drone  
  141  11:01  Spine Crawler  
  141  11:02  Drone x2  
  142  11:06  Drone x2  
  142  11:08  Overlord  
  144  11:13  Overlord x2  
  144  11:16  Overseer  
Tags
 
Matchup
ZvZ
Race
Zerg
Replay Pack
10.7.19
Spawn Locations
Cross Positions
Add a new tag
Caveats
  • Supply blocks, unpowered buildings, or Contaminate may cause inaccurate times.
  • Supply counts are checked every 10 seconds.